 Dungeon Crawl Stone Soup version 0.25-a0-160-gd1d2e81aba (webtiles) character file.

Game seed: 5819228369884033570, levelgen mode: deterministic

15158 bufoo the Cleaver (level 12, -25/106 HPs)
             Began as a Hill Orc Monk on Nov 16, 2019.
             Was a High Priest of Beogh.
             Annihilated by an orc knight
             ... wielding a +0 war axe
              (34 damage)
             ... on level 2 of the Orcish Mines on Nov 21, 2019.
             The game lasted 01:56:46 (13831 turns).

bufoo the Cleaver (Hill Orc Monk)                  Turns: 13831, Time: 01:56:46

Health: -25/106    AC: 19    Str: 19    XL:     12   Next: 24%
Magic:  13/13      EV: 13    Int: 10    God:    Beogh [*****.]
Gold:   1273       SH:  5    Dex: 11    Spells: 11/11 levels left

rFire    . . .     SeeInvis .   Y - +12 hand axe of Calculation {holy, +Rage rC++ Dex-2}
rCold    + + .     Gourm    .   w - +0 buckler
rNeg     . . .     Faith    .   e - +1 plate armour
rPois    .         Spirit   .   u - +0 helmet
rElec    .         Reflect  .   k - +0 cloak
rCorr    .         Harm     .   a - -1 pair of gloves
MR       .....                  Q - +0 pair of boots
Stlth    ..........             r - amulet of regeneration
HPRegen  0.67/turn              U - +5 ring of evasion
MPRegen  0.13/turn              Z - ring of flight

@: lightly drained
A: walk on water
a: Smiting, Recall Orcish Followers, Give Item to Named Follower, Renounce
Religion, Evoke Berserk Rage, Evoke Flight


You were on level 2 of the Orcish Mines.
You worshipped Beogh.
Beogh was extremely pleased with you.
You were not hungry.

You visited 2 branches of the dungeon, and saw 13 of its levels.

You collected 1273 gold pieces.

Inventory:

Hand Weapons
 b - a +4 quarterstaff of chaos
 f - a +0 vampiric spear
 t - the +9 quarterstaff of Byshar {crush, Str+2, unknown}
   (You found it on level 9 of the Dungeon)

   It inflicts extra damage upon your enemies.
   It affects your strength (+2).
 x - a +0 dire flail
 z - a +2 scimitar of flaming
 H - a +0 shortbow
 O - a +0 shortbow of flaming
 P - a +2 war axe of freezing
 V - the cursed +0 whip "Plog" {drain, +Fly MR+, unknown}
   (You found it on level 7 of the Dungeon)

   A truly terrible weapon, it drains the life of those it strikes.
   It affects your resistance to hostile enchantments.
   It lets you fly.
   It has a curse placed upon it.
 Y - the +12 hand axe of Calculation (weapon) {holy, +Rage rC++ Dex-2}
   (You found it on level 8 of the Dungeon)

   It has been blessed by the Shining One to cause great damage to the undead
   and demons.
   It affects your dexterity (-2).
   It greatly protects you from cold.
   It lets you go berserk.
Missiles
 p - 67 arrows
 y - 28 poisoned darts (quivered)
 B - 16 boomerangs
 E - 6 atropa-tipped darts
 J - 5 javelins
Armour
 a - a -1 pair of gloves (worn)
 e - a +1 plate armour (worn)
 k - a +0 cloak (worn)
 u - a +0 helmet (worn)
 w - a +0 buckler (worn)
 Q - a +0 pair of boots (worn)
Jewellery
 n - an uncursed amulet of rage
 r - an amulet of regeneration (around neck)
 U - a +5 ring of evasion (left hand)
 Z - a ring of flight (right hand)
Wands
 G - a wand of polymorph (3)
 X - a wand of random effects (19)
Scrolls
 m - 7 scrolls of teleportation
 o - a scroll of enchant weapon {unknown}
 s - 4 scrolls of remove curse
 D - 3 scrolls of fear
 L - 2 scrolls of enchant armour
Potions
 d - 6 potions of curing
 g - a potion of cancellation {unknown}
 h - 4 potions of heal wounds
 i - 6 potions of flight
 j - 5 potions of mutation {unknown}
 v - a potion of magic {unknown}
 A - 4 potions of lignification
 F - 6 potions of haste
 R - 2 potions of agility
 S - a potion of resistance {unknown}
Comestibles
 c - 27 rations


   Skills:
 * Level 10.0(9.7) Fighting
 * Level 12.8(13.4) Axes
 - Level 7.5(9.9) Polearms
 + Level 5.2(4.9) Throwing
 * Level 9.7(9.4) Armour
 - Level 4.5(4.2) Dodging
 - Level 1.5(1.3) Stealth
 * Level 7.1(6.8) Shields
 + Level 0.3(0.0) Invocations
 + Level 1.7(1.4) Evocations


You had 11 spell levels left.
You didn't know any spells.
Your spell library contained the following spells:

 Spells                   Type           Power        Failure   Level  Hunger
 Corona                   Hex            #......      100%        1    ##.....
 Flame Tongue             Conj/Fire      #....        100%        1    ##.....
 Ensorcelled Hibernation  Hex/Ice        #.....       100%        2    ###....
 Throw Flame              Conj/Fire      #.....       100%        2    ###....
 Confuse                  Hex            #.......     100%        3    ####...
 Conjure Flame            Conj/Fire      #.......     100%        3    ####...
 Dazzling Spray           Conj/Hex       #.....       100%        3    ####...
 Inner Flame              Hex/Fire       #.......     100%        3    ####...
 Tukima's Dance           Hex            #.......     100%        3    ####...
 Sticky Flame             Conj/Fire      #.......     100%        4    #####..
 Fireball                 Conj/Fire      #.........   100%        5    ######.


Dungeon Overview and Level Annotations

Branches:
Dungeon (11/15)            Temple (0/1) D:6             Orc (2/2) D:10
   Lair: D:8-11         Elf: Orc:2

Altars:
Ashenzari
Hepliaklqana
Kikubaaqudgha
Makhleb
Qazlal
Ru
Trog
Xom
Yredelemnul
Zin
The Shining One
Beogh

Shops:
Orc:2 ***(

Portals:
Trove: D:11 (give +3 fire dragon scales)

Annotations:
D:7 Menkaure
D:10 oklob,vault, exclusion: 2 oklob plants, oberejnoburuli's ghost, journeyman NaFE
D:11 treasure trove +3 fire dragon scales


Message History

The orc warrior hits your orc wizard with a +0 halberd!!
Your orc wizard dies!
You closely miss the orc knight. You hit the orc sorcerer.
You slash the orc knight! x2
Your plate armour prevents you from hitting the orc knight.
Hilgar barely misses the orc sorcerer.
Your orc wizard hits the orc wizard but does no damage.
The red devil hits you but does no damage.
The orc knight barely misses you.
The orc warrior closely misses your orc wizard.
The orc wizard hits your orc wizard but does no damage.
Your orc priest closely misses the orc warrior.
You block the orc warrior's attack.
You hit the orc knight but do no damage.
You barely miss the orc knight.
Your plate armour prevents you from hitting the orc knight.
You slash the orc knight! You barely miss the orc sorcerer.
The orc knight hits you with a +0 war axe!!
You die...
Beogh appreciates the orc knight's killing of a heretic priest.

.....###########.##
...###
######.###### .$..
#...........# .#
...####.####... # #
#o# # ###. #o# .###
#.... #o# .§..#
...).4#o#oo....


#ooo@ooo# #..oooo...# #...o.4.o...# ....o.......... .##.........##.
..##.....##.. #∩. .##.##. .∩# ## ∩. ... .∩ ## You could see 4 orc knights, a
rust devil, 2 orc sorcerers, a red devil, 3 orc warriors, 2 orc priests, an orc
wizard, the friendly Hilgar the orc knight, a friendly orc sorcerer, 2 friendly
orc priests, 2 friendly orc wizards and a friendly orc.

Vanquished Creatures
  2 two-headed ogres (D:9)
  An orc high priest (Orc:2)
  An orc sorcerer (Orc:2)
  4 ugly things (D:11)
  3 cyclopes
  Maurice (D:10)
  A gargoyle (D:11)
  5 trolls
  Grinder (D:3)
  2 hippogriffs
  10 yaks (D:11)
  A hungry ghost (D:11)
  A swamp drake (D:10)
  2 sky beasts
  A black bear (D:9)
  7 orc warriors
  2 ice beasts
  A phantom (D:10)
  2 necrophages
  3 ogres
  3 centaurs
  6 bullfrogs
  2 big kobolds
  A scorpion (D:4)
  6 killer bees
  5 wights (D:8)
  A howler monkey (D:4)
  4 crimson imps
  A bullfrog zombie (D:5)
  2 centaur zombies
  A hound (D:8)
  2 jellies
  2 centaur skeletons
  7 orc priests
  Crazy Yiuf (D:3)
  4 orc wizards
  Jessica (D:3)
  2 iguanas
  9 worker ants
  Natasha (thrice) (D:2)
  2 hound zombies
  3 worker ant zombies
  A howler monkey zombie (D:6)
  Robin (D:2)
  7 gnolls
  9 adders
  A shadow imp (D:11)
  3 oozes
  An adder skeleton (D:7)
  2 adder zombies
  5 worms
  2 dart slugs (D:1)
  4 leopard geckos
  31 orcs
  A bat zombie (D:3)
  4 giant cockroaches
  6 goblins
  10 hobgoblins
  6 jackals
  14 kobolds
  2 quokkas
  2 ball pythons
  6 bats
  6 frilled lizards
  A jackal skeleton (D:5)
  A leopard gecko skeleton (D:9)
  A leopard gecko zombie (D:6)
  2 quokka skeletons
  6 rats
  2 rat zombies (D:3)
256 creatures vanquished.

Vanquished Creatures (collateral kills)
  Erolcha (Orc:2)
  An orc high priest (Orc:2)
  An orc knight (Orc:2)
  A troll (Orc:1)
  A yak (D:11)
  A warg (Orc:1)
  An orc warrior (D:11)
  2 ogres
  2 killer bees (D:10)
  3 orc priests
  3 orc wizards
  5 orcs
22 creatures vanquished.

Vanquished Creatures (others)
  An orc high priest (Orc:2)
  An orc sorcerer (Orc:2)
  5 orc warriors
  A scorpion (D:9)
  3 orc priests
  A hound (D:9)
  A worker ant (D:9)
  3 orc wizards
  24 orcs
40 creatures vanquished.

Grand Total: 318 creatures vanquished

Notes
Turn   | Place    | Note
-------+----------+-------------------------------------------
     0 | D:1      | bufoo the Hill Orc Monk began the quest for the Orb.
     0 | D:1      | Reached XP level 1. HP: 19/19 MP: 1/1
   459 | D:1      | Reached XP level 2. HP: 23/27 MP: 2/2
   697 | D:1      | Reached XP level 3. HP: 33/33 MP: 3/3
   854 | D:1      | Reached skill level 1 in Armour
  1784 | D:2      | Reached skill level 5 in Axes
  1784 | D:2      | Reached XP level 4. HP: 35/40 MP: 4/4
  2071 | D:2      | Noticed Robin
  2106 | D:2      | Killed Robin
  2198 | D:2      | Noticed Natasha
  2209 | D:2      | Killed Natasha
  2209 | D:2      | Reached XP level 5. HP: 46/47 MP: 5/5
  2264 | D:2      | Found a hazy altar of Hepliaklqana.
  2501 | D:2      | Noticed Natasha
  2545 | D:2      | Killed Natasha
  2666 | D:2      | Noticed Natasha
  2682 | D:2      | Killed Natasha
  2682 | D:2      | Reached skill level 6 in Axes
  2893 | D:2      | Reached XP level 6. HP: 53/53 MP: 6/6
  2982 | D:2      | You fall into a shaft and drop 1 floor!
  2982 | D:3      | Found a runed translucent door.
  2982 | D:3      | Noticed Crazy Yiuf
  2994 | D:3      | Noticed Jessica
  3009 | D:3      | Killed Jessica
  3013 | D:3      | Reached skill level 1 in Polearms
  3282 | D:3      | Noticed Grinder
  3289 | D:3      | Paralysed by Grinder for 2 turns
  3318 | D:3      | Paralysed by Grinder for 4 turns
  3323 | D:3      | Killed Grinder
  3323 | D:3      | Reached XP level 7. HP: 24/60 MP: 7/7
  3718 | D:3      | Reached skill level 1 in Shields
  3838 | D:3      | Found an ancient bone altar of Kikubaaqudgha.
  4159 | D:3      | Killed Crazy Yiuf
  4159 | D:3      | Reached skill level 5 in Fighting
  4469 | D:4      | Reached skill level 1 in Throwing
  4653 | D:4      | Found a shimmering altar of Xom.
  4653 | D:4      | Found a burning altar of Makhleb.
  4654 | D:4      | Found a sacrificial altar of Ru.
  4656 | D:4      | Found a basalt altar of Yredelemnul.
  5019 | D:4      | Noticed Blork the orc
  5057 | D:4      | Noticed Blork
  5057 | D:4      | Blork the orc changed into Blork the worm
  5079 | D:4      | Killed Blork the worm
  5486 | D:5      | Entered Level 5 of the Dungeon
  5612 | D:5      | Found a shattered altar of Ashenzari.
  5666 | D:5      | Reached XP level 8. HP: 56/68 MP: 8/8
  5888 | D:5      | Found a shattered altar of Ashenzari.
  6022 | D:5      | Got a scorched mace
  6121 | D:5      | Found a bloodstained altar of Trog.
  6402 | D:6      | Reached skill level 5 in Polearms
  6704 | D:6      | Noticed a water elemental
  6766 | D:6      | Identified the +6 mace "Ojoutyasch" {antimagic, rElec Int+3
                  | Dex-5} (You found it on level 5 of the Dungeon)
  6806 | D:6      | Found a staircase to the Ecumenical Temple.
  6940 | D:6      | Found a stormy altar of Qazlal.
  6943 | D:6      | Noticed an air elemental
  7315 | D:7      | Got a warped whip
  7525 | D:7      | Reached XP level 9. HP: 77/77 MP: 9/9
  7933 | D:7      | Noticed Menkaure
  8466 | D:8      | Got a smoking hand axe
  8581 | D:8      | Reached skill level 5 in Armour
  8965 | D:8      | Identified the +12 hand axe of Calculation {holy, +Rage
                  | rC++ Dex-2} (You found it on level 8 of the Dungeon)
  9526 | D:9      | Noticed a two-headed ogre
  9535 | D:9      | Killed a two-headed ogre
  9535 | D:9      | Reached skill level 7 in Axes
  9594 | D:9      | Became a worshipper of Beogh the Brigand
  9594 | D:9      | Reached * piety under Beogh
  9594 | D:9      | Reached ** piety under Beogh
  9674 | D:9      | Reached XP level 10. HP: 86/86 MP: 10/10
  9884 | D:9      | Reached skill level 8 in Axes
  9909 | D:9      | Got a fine quarterstaff
 10039 | D:9      | Noticed a two-headed ogre
 10053 | D:9      | Killed a two-headed ogre
 10053 | D:9      | Reached skill level 5 in Shields
 10163 | D:9      | Found a glowing silver altar of Zin.
 10291 | D:10     | Entered Level 10 of the Dungeon
 10344 | D:10     | Reached skill level 9 in Axes
 10635 | D:10     | Reached *** piety under Beogh
 10813 | D:10     | Found a runed translucent door.
 10813 | D:10     | Found a runed translucent door.
 10826 | D:10     | Noticed a flayed ghost
 10826 | D:10     | Noticed a deep elf knight
 10826 | D:10     | Noticed a skeletal warrior
 10827 | D:10     | Noticed a skeletal warrior
 10827 | D:10     | Noticed a two-headed ogre
 10827 | D:10     | Noticed a lich
 10828 | D:10     | Noticed oberejnoburuli's ghost (journeyman NaFE)
 10829 | D:10     | Noticed a necromancer
 10882 | D:10     | Found a staircase to the Orcish Mines.
 11027 | D:10     | Noticed an oklob plant
 11071 | D:10     | Noticed Maurice
 11212 | D:10     | Killed Maurice
 11212 | D:10     | Reached skill level 10 in Axes
 11212 | D:10     | Reached XP level 11. HP: 94/94 MP: 11/11
 11548 | D:10     | Noticed an oklob plant
 11655 | D:11     | Noticed a cyclops
 11689 | D:11     | Killed a cyclops
 11780 | D:11     | Reached **** piety under Beogh
 11891 | D:11     | Found a portal to a secret trove of treasure.
 11915 | D:11     | Noticed a purple ugly thing
 11926 | D:11     | Killed a purple ugly thing
 11926 | D:11     | Reached skill level 11 in Axes
 12042 | D:11     | Noticed a red ugly thing
 12058 | D:11     | Killed a red ugly thing
 12058 | D:11     | Reached skill level 5 in Throwing
 12135 | D:11     | Noticed a cyclops
 12144 | D:11     | Killed a cyclops
 12225 | D:11     | Found a glowing golden altar of the Shining One.
 12309 | D:11     | Reached skill level 1 in Evocations
 12445 | D:11     | Noticed a brown ugly thing
 12451 | D:11     | Killed a brown ugly thing
 12483 | D:11     | Found a roughly hewn altar of Beogh.
 12858 | D:11     | Noticed a purple ugly thing
 12873 | D:11     | Killed a purple ugly thing
 12873 | D:11     | Reached skill level 12 in Axes
 13025 | Orc:1    | Entered Level 1 of the Orcish Mines
 13040 | Orc:1    | Noticed a cyclops
 13049 | Orc:1    | Killed a cyclops
 13579 | Orc:2    | Entered Level 2 of the Orcish Mines
 13600 | Orc:2    | Noticed Erolcha
 13602 | Orc:2    | Noticed an orc sorcerer
 13608 | Orc:2    | Noticed a soul eater
 13610 | Orc:2    | Killed Erolcha
 13610 | Orc:2    | Reached XP level 12. HP: 85/106 MP: 13/13
 13752 | Orc:2    | Upgraded the game from 0.25-a0-105-g2289b3b9f1 to
                  | 0.25-a0-160-gd1d2e81aba
 13770 | Orc:2    | Reached ***** piety under Beogh
 13770 | Orc:2    | Gained Hilgar as an ally
 13814 | Orc:2    | Noticed an orc high priest
 13814 | Orc:2    | Noticed an orc high priest
 13814 | Orc:2    | Noticed an orc high priest
 13815 | Orc:2    | Noticed a soul eater
 13815 | Orc:2    | Noticed a sun demon
 13816 | Orc:2    | Found Joizaeh's Antique Weapon Boutique.
 13816 | Orc:2    | Found Toev's Assorted Antiques.
 13826 | Orc:2    | Found Iruvic's Assorted Antiques.
 13826 | Orc:2    | Found Dudoqipo's General Store.
 13828 | Orc:2    | Killed an orc high priest
 13829 | Orc:2    | Killed an orc high priest
 13829 | Orc:2    | Reached skill level 10 in Fighting
 13831 | Orc:2    | Annihilated by an orc knight

Levels and vault maps discovered:
D:1:      lemuel_arrival_river_ford, layout_loops_ring
D:2:      layout_basic, lemuel_coloured_pillars_altar, uniq_natasha, uniq_robin
D:3:      layout_rooms, lemuel_zombie_altar_kikubaaqudgha, serial_forest,
          infiniplex_forest_lined_1, infiniplex_forest_clump_tiny,
          infiniplex_forest_clump_tiny, infiniplex_forest_clump_double,
          infiniplex_forest_straight_2, infiniplex_forest_clump_small,
          uniq_jessica, uniq_grinder, uniq_crazy_yiuf_cottage
D:4:      layout_loops_cross, minitemple, first_ration, uniq_blork_the_orc
D:5:      layout_loops_ring, lemuel_round_altar, ashenzari_conservatory_becter,
          cheibrodos_ashenzari_chains
D:6:      layout_rooms, temple_green, nicolae_qazlal_style_of_elements
D:7:      layout_basic, grunt_ogre_cave, hangedman_decor_points,
          kennysheep_small_square, uniq_menkaure
D:8:      layout_loops_cross
D:9:      layout_loops_ring, zin_statuary
D:10:     layout_cross, dpeg_oklobed_lair, erik_orc_1, enter_bailey_2,
          muffindrake_ghost_dual_entry, hangedman_decor_slide_cut,
          roderic_lattice_a, uniq_maurice
D:11:     layout_roguey, special_room [special_room_orc],
          nicolae_trove_entry_free_sample, basic_altar
Orc:1:    layout_caves, serial_shops
Orc:2:    st_orc_elflike, layout_caves, uniq_erolcha

Skill      XL: |  1  2  3  4  5  6  7  8  9 10 11 12 |
---------------+-------------------------------------+-----
Fighting       | 4 5 6 7 8 9 10 | 10.0
Armour         | 1 2 3 4 6 8 9 |  9.7
Axes           | 5 6 7 10 12 | 12.8
Dodging        | 3 4 |  4.5
Polearms       | 2 4 6 7 |  7.5
Shields        | 1 2 4 5 6 7 |  7.1
Throwing       | 1 2 4 5 |  5.2
Evocations     | 1 |  1.7
Stealth        | |  1.5
Invocations    | |  0.3

Action                   |  1- 3 |  4- 6 |  7- 9 | 10-12 || total
-------------------------+-------+-------+-------+-------++-------
Melee: Hand axe          |   139 |   118 |    26 |   337 ||   620
       Spear             |       |   140 |   824 |       ||   964
Throw: Stone             |    21 |     1 |       |       ||    22
       Javelin           |       |    15 |    25 |    11 ||    51
       Dart              |       |       |    44 |    76 ||   120
       Throwing net      |       |       |     1 |       ||     1
Invok: Convert to Beogh  |       |       |     1 |       ||     1
       Recall Orcish Fol |       |       |       |     3 ||     3
 Abil: Evoke Berserk Rag |       |       |       |     3 ||     3
Evoke: Wand              |       |       |     2 |       ||     2
  Use: Potion            |       |     1 |     4 |       ||     5
       Scroll            |       |       |    14 |     7 ||    21
 Stab: Held in net/web   |       |       |     1 |       ||     1
       Invisible         |       |       |       |     2 ||     2
       Distracted        |       |       |       |     4 ||     4
  Eat: Chunk             |     3 |     5 |    11 |    10 ||    29
       Ration            |       |       |     3 |     2 ||     5
Armor: Plate armour      |    80 |   147 |   299 |   111 ||   637
Dodge: Dodged            |    21 |    58 |   193 |   146 ||   418
Block: Buckler           |       |    26 |   109 |    66 ||   201

Table legend:
 A = Non-vault XP
 B = Vault XP
 C = Vault XP percentage of total XP
 D = Non-vault monster count
 E = Vault monster count
 F = Vault count percentage of total count
                 A         B        C        D         E       F
            +---------+---------+-------+---------+---------+-------
      Total |   17950 |    3705 |  17.1 |     237 |      39 |  14.1
            +---------+---------+-------+---------+---------+-------
        D:1 |      43 |       0 |   0.0 |      22 |       0 |   0.0
        D:2 |     218 |      62 |  22.1 |      26 |       8 |  23.5
        D:3 |      34 |     367 |  91.5 |      14 |       6 |  30.0
        D:4 |     423 |       5 |   1.2 |      17 |       1 |   5.6
        D:5 |     219 |       0 |   0.0 |       7 |       0 |   0.0
        D:6 |     505 |       0 |   0.0 |      21 |       0 |   0.0
        D:7 |     593 |     126 |  17.5 |      16 |       2 |  11.1
        D:8 |     697 |       0 |   0.0 |      14 |       0 |   0.0
        D:9 |    3798 |       0 |   0.0 |      19 |       0 |   0.0
       D:10 |    1688 |     679 |  28.7 |      35 |      10 |  22.2
       D:11 |    7304 |     190 |   2.5 |      32 |       9 |  22.0
      Orc:1 |    1187 |       0 |   0.0 |       8 |       0 |   0.0
      Orc:2 |    1241 |    2276 |  64.7 |       6 |       3 |  33.3
            +---------+---------+-------+---------+---------+-------
